 Dungeon Crawl Stone Soup version 0.31-a0-876-gfe8ebadbca (webtiles) character file.

Game seed: 2492806565829502990

11435 avis the Spry (level 11, 0/48 HPs)
             Began as a Felid Shapeshifter on Oct 12, 2023.
             Was an Initiate of Gozag.
             Succumbed to a cane toad's poison
             ... on level 1 of the Lair of Beasts on Oct 13, 2023.
             The game lasted 01:23:08 (12100 turns).

avis the Spry (Felid Shapeshifter)                 Turns: 12100, Time: 01:23:08

Health: 0/48       AC:  6    Str: 10    XL:     11   Next: 49%
Magic:  12/12      EV: 30    Int: 12    God:    Gozag
Gold:   1210       SH:  0    Dex: 20    Spells: 10/10 levels left
                                        Lives:  0   Deaths: 4

rFire   . .          .
                       - Unarmed
rCold   . . .        (shield unavailable)
rNeg    . . .        (body armour unavailable)
rPois   .            (helmet unavailable)
rElec   .            (cloak unavailable)
rCorr   .            (gloves unavailable)
SInv    +            (boots unavailable)
Will    +....        (no amulet)
Stlth   +            u - ring of flight
HPRegen 0.28/turn    v - +4 ring of protection
MPRegen 0.13/turn

%: no passive effects
@: confused, lethally poisoned (0 -> -29), blade hands, ambrosia-drunk, gold
aura, flying, quick
A: very small, (claws 1), fangs 3, see invisible, speed 1, shaggy fur 2,
(stealthy paws), no weapons or thrown items, no armour, multi-lived
a: Begin Untransformation, Renounce Religion, Potion Petition, Call Merchant,
Bribe Branch


You were on level 1 of the Lair of Beasts.
You worshipped Gozag.
Gozag was most pleased with you.
You had blades for front paws.
You visited 3 branches of the dungeon, and saw 12 of its levels.

You collected 2626 gold pieces.
You spent 965 gold pieces at shops.
You paid 451 gold pieces to Gozag.

Inventory:

Jewellery
 u - a ring of flight (left blade hand)
 v - a +4 ring of protection (right blade hand)
Talismans
 f - a flux talisman
 l - a blade talisman (active)
Wands
 b - a wand of paralysis (11)
 g - a wand of mindburst (13)
 w - a wand of flame (6)
 D - a wand of quicksilver (5)
Scrolls
 c - a scroll of blinking
 h - 2 scrolls of poison
 j - 2 scrolls of enchant armour
 k - a scroll of fog
 m - 4 scrolls of immolation
 n - a scroll of noise
 o - 6 scrolls of teleportation
 p - a scroll of identify
 q - a scroll of amnesia
 r - a scroll of revelation
 s - 3 scrolls of fear
 t - 3 scrolls of vulnerability
 y - 2 scrolls of enchant weapon {unknown}
Potions
 a - 5 potions of brilliance
 d - a potion of enlightenment
 e - a potion of heal wounds {unknown}
 i - 2 potions of berserk rage
 x - a potion of ambrosia
 z - a potion of cancellation
 A - 2 potions of magic
 B - a potion of lignification
 C - a potion of mutation


   Skills:
 - Level 6.0 Fighting
 - Level 15.0 Dodging
 - Level 6.0 Stealth
 * Level 7.4 Unarmed Combat
 - Level 11.0 Shapeshifting


You had 10 spell levels left.
You didn't know any spells.
Your spell library contained the following spells:

 Spells                   Type           Power      Damage    Failure   Level
 Necrotise                Necr           0%         1d4       32%         1
 Ensorcelled Hibernation  Hex/Ice        0%         N/A       45%         2
 Jinxbite                 Hex            0%         N/A       45%         2
 Dazzling Flash           Conj/Hex       0%         N/A       69%         3
 Vampiric Draining        Necr           0%         2d6       69%         3
 Volatile Blastmotes      Fire/Tloc      0%         2d10      69%         3
 Anguish                  Hex/Necr       0%         N/A       97%         4
 Agony                    Necr           0%         N/A       100%        5
 Starburst                Conj/Fire      0%         6d3       100%        6
 Maxwell's Capacitive Co  Air            0%         ∞         100%        8


Dungeon Overview and Level Annotations

Branches:
Dungeon (10/15)            Temple (1/1) D:4            Lair (1/5) D:10
    Orc (0/2) D:10

Altars:
Ashenzari
Cheibriados
Dithmenos
Elyvilon
Fedhas
Gozag
Hepliaklqana
Kikubaaqudgha
Makhleb
Nemelex Xobeh
Okawaru
Qazlal
Ru
Sif Muna
Trog
Uskayaw
Vehumet
Wu Jian
Xom
Yredelemnul
Zin
The Shining One

Shops:
D:2 ?[   D:7 :[[=[?

Annotations:
D:4 2 runed translucent doors, miscthings's ghost, amateur GnAr


Innate Abilities, Weirdness & Mutations

You have blades for front paws.
((You have sharp claws.))
You have razor-sharp teeth.
You have supernaturally acute eyesight. (SInv)
You cover ground quickly. (Speed+)
You are covered in thick fur. (AC +2)
((Your paws help you pounce on unaware monsters.))
You are incapable of wielding weapons or throwing items.
You cannot wear armour.
You gain extra lives every three experience levels.


Message History

You add the spells Jinxbite, Ensorcelled Hibernation and Anguish to your library.
Found a curved fluorescent wand.
o - 6 scrolls of teleportation (gained 1)
D - a wand of quicksilver (5)
A water moccasin comes into view.
Found 4 stones.
A cane toad comes into view.
You slice the water moccasin!!
The water moccasin is almost dead.
The water moccasin completely misses you.
The water moccasin bites you.
You miss the water moccasin. Your bite misses the water moccasin.
The water moccasin is almost dead.
The water moccasin completely misses you.
You slash the water moccasin!
You kill the water moccasin!
You closely miss the cane toad. The cane toad barely misses you.
You barely miss the cane toad. Your bite misses the cane toad.
The cane toad completely misses you. The cane toad stings you!
You are poisoned.
The cane toad poisons you!
You closely miss the cane toad.
You feel very sick. The cane toad misses you.
You slice the cane toad!!
The cane toad is heavily wounded.
You feel sick. The cane toad barely misses you.
You hit the cane toad but do no damage. You bite the cane toad.
The cane toad is heavily wounded.
You feel sick. The cane toad stings you!
You barely miss the cane toad. You slash the cane toad. You bite the cane toad.
The cane toad is severely wounded.
You feel sick. The cane toad stings you!
* * * LOW HITPOINT WARNING * * *
You are more poisoned.
The cane toad poisons you!
You are confused.
You feel invigorated.
You die...
Your body crumbles into a pile of gold.

##... ##..... .......
....... .......##
....S...### #..F....#@#
.. #.......F## ..P
#........#######..#
#.(.......##P#....###
....................##
##.................#.#
###................##
##...............P##..#
..................#.#.P


You could see a cane toad.

Vanquished Creatures
  A hydra (D:10)
  A two-headed ogre (D:10)
  Amaemon (D:9)
  An oklob plant (D:10)
  Joseph (D:7)
  An orange demon (D:9)
  A hornet (D:9)
  2 trolls
  Prince Ribbit (D:8)
  A slime creature (D:10)
  A wyvern (D:9)
  13 yaks (D:9)
  2 wraiths
  6 water moccasins
  9 orc warriors
  2 black bears (D:5)
  2 ogres (D:5)
  2 centaurs
  4 kobold brigands
  5 bullfrogs
  5 scorpions
  16 wights
  4 killer bees (D:7)
  4 howler monkeys
  11 hounds
  4 jellies
  8 orc priests
  2 gnoll boudas
  A sleepcap (D:6)
  Natasha (thrice) (D:1)
  2 iguanas (D:5)
  5 orc wizards
  6 gnolls
  12 adders
  3 white imps
  An ufetubus (D:6)
  2 worms
  4 dart slugs
  63 orcs
  5 ball pythons
  A bat zombie (D:2)
  6 endoplasms
  3 giant cockroaches (D:2)
  5 goblins
  6 hobgoblins
  8 jackals
  21 kobolds
  4 quokkas
  A ball python skeleton (D:2)
  7 bats
  2 frilled lizards
  A quokka zombie (D:2)
  4 rats
287 creatures vanquished.

Notes
Turn   | Place    | Note
-------+----------+-------------------------------------------
     0 | D:1      | avis the Felid Shapeshifter began the quest for the Orb.
     0 | D:1      | Reached XP level 1. HP: 9/9 MP: 2/2
    29 | D:1      | Reached skill level 1 in Stealth
   121 | D:1      | Reached XP level 2. HP: 13/13 MP: 3/3
   331 | D:1      | Found a faded altar of an unknown god.
   634 | D:2      | Noticed Natasha
   637 | D:2      | Reached skill level 3 in Dodging
   637 | D:2      | Reached XP level 3. HP: 16/16 MP: 4/4
   683 | D:1      | Killed Natasha
   744 | D:1      | Noticed Natasha
   761 | D:1      | Killed Natasha
   762 | D:1      | Reached XP level 4. HP: 5/21 MP: 5/5
   775 | D:1      | Noticed Natasha
   785 | D:1      | Killed Natasha
   786 | D:1      | Reached skill level 4 in Dodging
  1171 | D:2      | Found Oradghir's Magic Scroll Shop.
  1286 | D:2      | Found Elogg's Armour Shoppe.
  1304 | D:2      | Found Fywedo's Distillery.
  1323 | D:2      | Reached XP level 5. HP: 24/24 MP: 6/6
  1565 | D:2      | Upgraded the game from 0.31-a0-868-g674d60d6f7 to
                  | 0.31-a0-875-g02e7d12df6
  1789 | D:3      | Reached skill level 5 in Dodging
  1917 | D:3      | Reached skill level 6 in Dodging
  2015 | D:3      | Gained mutation: You are covered in thick fur. (AC +2)
                  | [Felid growth]
  2015 | D:3      | Reached XP level 6. HP: 28/28 MP: 7/7
  2410 | D:4      | Found a staircase to the Ecumenical Temple.
  2440 | Temple   | Entered the Ecumenical Temple
  2452 | Temple   | Became a worshipper of Gozag Ym Sagoz the Greedy
  2483 | D:4      | Found a runed translucent door.
  2497 | D:4      | Noticed miscthings's ghost (amateur GnAr)
  2592 | D:4      | Found a runed translucent door.
  2736 | D:4      | Reached skill level 5 in Shapeshifting
  2866 | D:2      | Bought a scroll of revelation for 82 gold pieces
  2866 | D:2      | Bought a scroll of fear for 44 gold pieces
  2866 | D:2      | Bought a scroll of identify for 22 gold pieces
  2925 | D:2      | Bought a potion of degeneration for 13 gold pieces
  2925 | D:2      | Bought a potion of brilliance for 52 gold pieces
  3207 | D:5      | Entered Level 5 of the Dungeon
  3615 | D:5      | Reached XP level 7. HP: 28/31 MP: 8/8
  3942 | D:5      | Mangled by an iguana
  4087 | D:5      | Reached skill level 7 in Dodging
  4087 | D:5      | Reached XP level 8. HP: 22/36 MP: 9/9
  4103 | D:5      | HP: 1/36 [wraith (5)]
  4105 | D:5      | Slain by a wraith
  4124 | D:5      | Reached skill level 8 in Dodging
  4362 | D:5      | Reached skill level 9 in Dodging
  4809 | D:5      | Reached XP level 9. HP: 23/39 MP: 10/10
  4875 | D:2      | Bought a potion of ambrosia for 104 gold pieces
  4875 | D:2      | Bought 2 potions of brilliance for 104 gold pieces
  4875 | D:2      | Bought a potion of cancellation for 104 gold pieces
  4875 | D:2      | Bought a potion of magic for 104 gold pieces
  5215 | D:6      | Reached skill level 10 in Dodging
  6017 | D:2      | Bought a potion of mutation for 104 gold pieces
  6076 | D:2      | Bought a scroll of poison for 44 gold pieces
  6076 | D:2      | Bought a scroll of identify for 22 gold pieces
  6076 | D:2      | Bought a scroll of identify for 22 gold pieces
  6343 | D:7      | Reached skill level 11 in Dodging
  6479 | D:7      | Found Ashokab's Armour Shop.
  6480 | D:7      | Found Utotowne's Magic Scroll Shoppe.
  6556 | D:7      | Found Cuonat's Antique Armour Emporium.
  6556 | D:7      | Found Poaw's Antique Armour Boutique.
  6558 | D:7      | Found Hegom's Jewellery Shoppe.
  6558 | D:7      | Found Ipiffe's Book Shop.
  6596 | D:7      | Reached skill level 12 in Dodging
  6842 | D:7      | Bought a scroll of teleportation for 48 gold pieces
  6845 | D:7      | Bought 3 scrolls of identify for 96 gold pieces
  6989 | D:7      | Found a white marble altar of Elyvilon.
  7145 | D:7      | Noticed Joseph
  7165 | D:7      | Killed Joseph
  7166 | D:7      | Reached skill level 10 in Shapeshifting
  7746 | D:7      | Reached XP level 10. HP: 20/42 MP: 11/11
  7844 | D:8      | Noticed Prince Ribbit
  7867 | D:8      | Killed Prince Ribbit
  8571 | D:8      | Upgraded the game from 0.31-a0-875-g02e7d12df6 to
                  | 0.31-a0-876-gfe8ebadbca
  8676 | D:9      | Noticed an orange demon
  8677 | D:9      | Noticed Amaemon
  8693 | D:9      | Killed an orange demon
  8714 | D:9      | Killed Amaemon
  8715 | D:9      | Reached skill level 5 in Stealth
  9205 | D:9      | Reached skill level 5 in Unarmed Combat
  9287 | D:9      | Reached skill level 5 in Fighting
  9774 | D:9      | Reached skill level 13 in Dodging
  9969 | D:10     | Entered Level 10 of the Dungeon
  9992 | D:9      | Reached XP level 11. HP: 24/48 MP: 12/12
 10362 | D:10     | Noticed a two-headed ogre
 10374 | D:10     | Killed a two-headed ogre
 10375 | D:10     | Reached skill level 14 in Dodging
 10499 | D:10     | Noticed an eight-headed hydra
 10652 | D:10     | Slain by an eight-headed hydra
 10708 | D:10     | Slain by an eight-headed hydra
 10739 | D:10     | Killed an eight-headed hydra
 11064 | D:10     | Reached skill level 15 in Dodging
 11318 | D:10     | Found a staircase to the Orcish Mines.
 11801 | D:10     | Noticed an oklob plant
 11805 | D:10     | Found a staircase to the Lair.
 11849 | D:10     | Killed an oklob plant
 11935 | Lair:1   | Entered Level 1 of the Lair of Beasts
 12100 | Lair:1   | Succumbed to a cane toad's poison

Illustrated notes

Levels and vault maps discovered:
D:1:      ncdulo_watergridlock, layout_rooms,
          shapermc_ecumenical_altar_totnotflames
D:2:      layout_loops_corners, serial_undead, serial_undead_c, serial_undead_e,
          serial_undead_d, serial_undead_c, serial_shops, shop, shop_statue,
          shop, minmay_misc_feat_plants, uniq_natasha
D:3:      layout_loops_ring
D:4:      layout_basic, temple_pool_b, ebering_ghost_sewer_f, minmay_bent
D:5:      layout_gridville, nzn_random_ring
D:6:      layout_loops_ring, amethyst_killhole, chequers_garden
D:7:      layout_loops_ring, elyvilon_altar_1, nicolae_wooded_promenade,
          uniq_joseph
D:8:      layout_rooms, uniq_prince_ribbit1
D:9:      layout_roguey, minivault_25_ag, uniq_amaemon
D:10:     layout_roguey [special_room_orc], dpeg_oklobed_lair, david_orc_5,
          hangedman_decor_growths, minivault_20
Temple:   nicolae_temple_the_god_donut
Lair:1:   layout_layer_cave, nicolae_quartered_pool_super, uniq_gastronok,
          uniq_nergalle

Skill      XL: |  1  2  3  4  5  6  7  8  9 10 11 |
---------------+----------------------------------+-----
Stealth        | 1 2 3 4 6 |  6.0
Fighting       | 2 3 4 6 |  6.0
Dodging        | 3 4 6 7 9 12 13 15 | 15.0
Shapeshifting  | 4 5 7 9 10 11 | 11.0
Unarmed Combat | 6 7 |  7.4

Action                     |  1- 3 |  4- 6 |  7- 9 | 10-12 || total
---------------------------+-------+-------+-------+-------++-------
  Melee: Unarmed           |    52 |   135 |   433 |   348 ||   968
         Punch             |     1 |     1 |     2 |    21 ||    25
         Bite              |     3 |    14 |    64 |    50 ||   131
 Invoke: Potion Petition   |       |       |       |     1 ||     1
  Evoke: Wand              |       |       |     4 |    18 ||    22
    Use: Potion            |     1 |     1 |     2 |     2 ||     6
         Scroll            |       |       |    11 |     3 ||    14
   Stab: Sleeping          |     5 |    25 |       |     3 ||    33
         Paralysed         |       |       |     7 |     5 ||    12
         Distracted        |       |       |     4 |     4 ||     8
 Armour: Skin              |    19 |    24 |   102 |    96 ||   241
  Dodge: Dodged            |    31 |    76 |   400 |   356 ||   863
   Form: Flux              |       |       |     1 |       ||     1
         Blade             |       |       |     1 |       ||     1

Table legend: (Time is in decaauts)
 A = Elapsed time spent in this place.
 B = Non-inter-level travel time spent in this place.
 C = Inter-level travel time spent in this place.
 D = Time resting spent in this place.
 E = Time spent auto-exploring this place.
 F = Levels seen in this place.
 G = Mean time per level.
                   A        B        C        D        E       F      G
               +--------+--------+--------+--------+--------+-----+--------+
         Total |  10552 |   9255 |   1297 |   2583 |   3525 |  12 |  879.3 |
       Dungeon |  10389 |   9110 |   1279 |   2583 |   3433 |  10 | 1038.9 |
        Temple |     27 |     10 |     17 |      0 |      0 |   1 |   27.0 |
          Lair |    135 |    135 |      0 |      0 |     91 |   1 |  135.0 |
               +--------+--------+--------+--------+--------+-----+--------+

Top non-repeatable levels by time:
     D:9: 1675 daAuts
     D:7: 1470 daAuts
     D:5: 1411 daAuts
    D:10: 1309 daAuts
     D:2: 1004 daAuts
     D:6: 913 daAuts
     D:3: 702 daAuts
     D:4: 670 daAuts
     D:1: 643 daAuts
     D:8: 590 daAuts
  Lair:1: 135 daAuts
  Temple: 27 daAuts
